 Dungeon Crawl Stone Soup version 0.31-a0-596-g831eee08f1 (webtiles) character file.

Game seed: 3190340147627465482

324 BubbleThief the Ruffian (level 6, -7/43 HPs)
             Began as an Octopode Shapeshifter on Aug 21, 2023.
             Mangled by an iguana (14 damage)
             ... on level 6 of the Dungeon.
             The game lasted 00:04:47 (3130 turns).

BubbleThief the Ruffian (Octopode Shapeshifter)     Turns: 3130, Time: 00:04:47

Health: -7/43      AC:  1    Str: 16    XL:     6   Next: 48%
Magic:  6/6        EV: 13    Int: 11    God:
Gold:   300        SH:  0    Dex: 12    Spells: 5/5 levels left

rFire   + .          .
                       - Unarmed
rCold   + . .        (no shield)
rNeg    . . .        (helmet currently unavailable)
rPois   .            (no amulet)
rElec   .            r - ring of protection from cold
rCorr   .            t - ring of protection from fire
SInv    .            (no ring)
Will    .....        (no ring)
Stlth   ++           (no ring)
HPRegen 0.27/turn    (no ring)
MPRegen 0.10/turn    (no ring)
                     (no ring)

%: no passive effects
@: beast-form
A: beast (slay +2), almost no armour, amphibious, 8 rings, camouflage 1,
gelatinous body 1, (nimble swimmer 1), tentacles
a: Begin Untransformation


You were on level 6 of the Dungeon.
You were a hulking beast.
You visited 1 branch of the dungeon, and saw 5 of its levels.

You collected 330 gold pieces.
You spent 30 gold pieces at shops.

Inventory:

Missiles
 u - 2 throwing nets
Jewellery
 r - a ring of protection from cold (left tentacle)
 t - a ring of protection from fire (right tentacle)
Talismans
 b - a beast talisman (active)
 c - a flux talisman
Scrolls
 d - a scroll of poison {unknown}
 g - 3 scrolls of identify {unknown}
 i - a scroll of noise {unknown}
 j - a scroll of immolation {unknown}
 k - a scroll of brand weapon {unknown}
 n - a scroll of acquirement {unknown}
 o - a scroll of vulnerability {unknown}
 p - 3 scrolls of enchant armour {unknown}
 s - a scroll of teleportation
 w - a scroll of amnesia {unknown}
 x - a scroll of butterflies {unknown}
Potions
 a - 5 potions of lignification
 e - 4 potions of curing {unknown}
 f - a potion of enlightenment {unknown}
 h - a potion of degeneration {unknown}
 l - a potion of might {unknown}
 m - a potion of cancellation {unknown}
 q - a potion of haste {unknown}
 v - a potion of invisibility {unknown}


   Skills:
 + Level 3.6 Fighting
 - Level 2.0 Dodging
 + Level 4.7 Unarmed Combat
 + Level 4.2 Shapeshifting


You had 5 spell levels left.
You didn't know any spells.
Your spell library contained the following spells:

 Spells                   Type           Power      Damage    Failure   Level
 Magic Dart               Conj           0%         1d3       34%         1
 Call Imp                 Summ           0%         N/A       47%         2
 Poisonous Vapours        Pois/Air       0%         N/A       47%         2
 Sublimation of Blood     Necr           0%         N/A       47%         2
 Wereblood                Tmut           0%         N/A       47%         2
 Mephitic Cloud           Conj/Pois/Air  0%         N/A       71%         3
 Portal Projectile        Hex/Tloc       0%         N/A       71%         3
 Tukima's Dance           Hex            0%         N/A       71%         3
 Iskenderun's Mystic Bla  Conj/Tloc      0%         2d3       98%         4
 Freezing Cloud           Conj/Ice/Air   0%         6-21      100%        5
 Summon Forest            Summ/Tloc      0%         N/A       100%        5
 Summon Mana Viper        Hex/Summ       0%         N/A       100%        5
 Summon Cactus Giant      Summ           0%         N/A       100%        6
 Summon Hydra             Summ           0%         N/A       100%        7


Dungeon Overview and Level Annotations

Branches:
Dungeon (4/15)
 Temple: D:4-7

Altars:
Kikubaaqudgha
Ru
Zin

Shops:
D:1 (   D:2 ::=*   D:3 (*::

Annotations:
D:2 1 runed translucent door, Crazy Yiuf


Innate Abilities, Weirdness & Mutations

You are a hulking beast.
Your limbs bulge with bestial killing power. (Slay +2)
You cannot wear most types of armour.
You are amphibious.
You can wear up to eight rings at the same time.
Your skin changes colour to match your surroundings (Stealth+).
Your rubbery body absorbs attacks. (AC +1, EV +1)
((You are camouflaged when in or above water. (Stealth+)))
You have tentacles for arms and can constrict up to eight enemies at once.


Message History

The hound barks!
The gnoll shouts! x2; You hear an angry hiss.
A gnoll comes into view. It is wielding a +0 club.
You bludgeon the hound! Your grab misses the hound.
The hound is heavily wounded.
The hound bites you. The hound closely misses you.
You bludgeon the hound!
You kill the hound!
You start resting.
A gnoll is nearby!
You tentacle-slap the gnoll but do no damage.
Your grab misses the gnoll. The gnoll hits you with a +0 flail!
You barely miss the gnoll. You grab the gnoll. You constrict the gnoll.
The gnoll struggles to escape constriction.
The gnoll misses you.
You tentacle-slap the gnoll. You squeeze the gnoll!
You kill the gnoll!
The gnoll completely misses you.
You tentacle-slap the gnoll. You grab the gnoll. You squeeze the gnoll!
You kill the gnoll!
The gnoll hits you from afar with a +0 spear.
An iguana comes into view.
The iguana hisses angrily.
The gnoll closely misses you.
Items here: )) ††.
You bludgeon the gnoll! You grab the gnoll.
The gnoll is heavily wounded.
You constrict the gnoll. The gnoll hits you but does no damage.
You tentacle-slap the gnoll but do no damage.
The gnoll is severely wounded.
You constrict the gnoll. The iguana bites you.
The gnoll hits you with a +0 spear.
You tentacle-slap the gnoll.
You kill the gnoll!
The iguana hisses menacingly.
The iguana bites you!
* * * LOW HITPOINT WARNING * * *
Unknown command.
You barely miss the iguana. You grab the iguana. You constrict the iguana.
The iguana bites you!
You die...

........#
##........# ...
......## #.#
#......#
##.###.###..#
#...##.....## #
#.##.......# ..##.
#......#....#
g.....##h...###....
.......l)#### ...#
...[..[..# ###
.........#
.#.......#
....)...##
........# ......###
.....#


You could see an iguana.

Vanquished Creatures
  A jelly (D:4)
  A hound (D:6)
  11 gnolls
  6 adders
  A worm (D:2)
  3 dart slugs
  5 orcs
  6 endoplasms
  10 goblins
  8 hobgoblins
  8 jackals
  6 kobolds
  5 quokkas
  5 ball pythons
  8 bats
  3 frilled lizards
  2 rats
89 creatures vanquished.

Notes
Turn   | Place    | Note
-------+----------+-------------------------------------------
     0 | D:1      | BubbleThief the Octopode Shapeshifter began the quest for
                  | the Orb.
     0 | D:1      | Reached XP level 1. HP: 13/13 MP: 1/1
   112 | D:1      | Reached XP level 2. HP: 16/18 MP: 2/2
   206 | D:1      | Found Bosoc's Weapon Shop.
   337 | D:1      | Reached XP level 3. HP: 24/24 MP: 3/3
   692 | D:2      | Found Loxkaesk's General Store.
   701 | D:2      | Found a glowing silver altar of Zin.
   747 | D:2      | Found Ysyafoca's Jewellery Shop.
   778 | D:2      | Found Xeushaeb's Book Emporium.
   814 | D:2      | Found Femy's Book Emporium.
   955 | D:2      | Identified the +9 mace of Res Ipsa Loquitur {vamp, rN+
                  | Will+}
  1037 | D:2      | Found a runed translucent door.
  1038 | D:2      | Noticed Crazy Yiuf
  1148 | D:2      | Reached XP level 4. HP: 29/29 MP: 4/4
  1580 | D:3      | Found Oseuxul's Antique Weapon Shop.
  1599 | D:3      | Found Oqoo's General Store.
  1684 | D:3      | Bought a scroll of teleportation for 30 gold pieces
  1700 | D:3      | Found Bean Loa's Book Shop.
  1777 | D:3      | Reached XP level 5. HP: 35/35 MP: 5/5
  2038 | D:3      | Found Unwac's Book Emporium.
  2458 | D:4      | Found a sacrificial altar of Ru.
  2461 | D:4      | Found an ancient bone altar of Kikubaaqudgha.
  2710 | D:4      | Reached XP level 6. HP: 24/42 MP: 6/6
  3105 | D:4      | You fall into a shaft and drop 2 floors!
  3108 | D:6      | Noticed a wyvern
  3130 | D:6      | Mangled by an iguana

Illustrated notes

Levels and vault maps discovered:
D:1:      lemuel_arrival_cross, layout_basic, serial_shops, shop
D:2:      layout_basic, basic_altar, serial_shops, shop,
          nicolae_shop_tiny_waterfront, shop_coins, nicolae_lakefront_shop,
          minmay_crystal_room, dreamdust_princess_bridge, minmay_quadrilaterals,
          uniq_crazy_yiuf_cottage
D:3:      layout_loops_cross, serial_shops, nicolae_shop_rolling_square,
          nicolae_shop_tiny_statue_garden, shop, nicolae_shop_crystal
D:4:      layout_gridville, nicolae_overflow_squiral
D:6:      layout_cave_pools, serial_undead, serial_undead_c, serial_undead_b,
          serial_undead_b, serial_undead_b

Skill      XL: |  1  2  3  4  5 |
---------------+----------------+-----
Fighting       | 2 3 |  3.6
Unarmed Combat | 4 |  4.7
Shapeshifting  | 4 |  4.2
Dodging        | |  2.0

Action                     |  1- 3 |  4- 6 || total
---------------------------+-------+-------++-------
  Melee: Unarmed           |    76 |    93 ||   169
         Constrict         |    14 |    30 ||    44
         Tentacles         |     6 |    23 ||    29
         Punch             |     4 |     3 ||     7
   Stab: Sleeping          |    12 |     4 ||    16
 Armour: Skin              |     4 |     3 ||     7
  Dodge: Dodged            |    35 |    50 ||    85

Table legend: (Time is in decaauts)
 A = Elapsed time spent in this place.
 B = Non-inter-level travel time spent in this place.
 C = Inter-level travel time spent in this place.
 D = Time resting spent in this place.
 E = Time spent auto-exploring this place.
 F = Levels seen in this place.
 G = Mean time per level.
                   A        B        C        D        E       F      G
               +--------+--------+--------+--------+--------+-----+--------+
         Total |   3117 |   2988 |    129 |      8 |   2442 |   5 |  623.4 |
       Dungeon |   3117 |   2988 |    129 |      8 |   2442 |   5 |  623.4 |
               +--------+--------+--------+--------+--------+-----+--------+

Top non-repeatable levels by time:
     D:3: 872 daAuts
     D:4: 816 daAuts
     D:2: 784 daAuts
     D:1: 620 daAuts
     D:6: 24 daAuts
